Map: Divergence LE

Players

Teekhay - Winner!

  • Race: Terran Terran
  • League: Platinum
  • Spawn Location: 5:00

Fapper - Winner!

  • Race: Terran Terran
  • League: Diamond
  • Spawn Location: 5:00

Massa

  • Race: Terran Terran
  • League: Gold
  • Spawn Location: 11:00

qqq

  • Race: Zerg Zerg
  • League: Platinum
  • Spawn Location: 11:00

VOD

Have the link to the VOD?

Description

Time

  • Played on: May 31, 2020, 9:07 a.m.
  • Length: 4:00
Show
View Real Time Build Order
Export as new Build Order

Teekhay Terran - Winner!

Build Orders:  

Get SALT Encoding   

  12  0:00  SCV  
  13  0:23  Supply Depot  
  13  0:27  SCV  
  14  0:39  SCV  
  15  0:47  Barracks  
  15  1:00  Barracks  
  15  1:11  Barracks  
  15  1:24  Barracks  
  15  1:37  Marine  
  16  1:46  Orbital Command  
  16  1:51  Marine  
  17  1:56  Supply Depot  
  17  2:03  Marine  
  18  2:09  Marine  
  18  2:10  Marine  
  20  2:21  Marine  
  21  2:35  Marine x2  
  22  2:38  Marine  
  22  2:52  Bunker  
  22  2:53  Marine x2  
  22  2:56  Marine  
  25  3:04  Bunker  
  25  3:11  Marine  
  26  3:13  Marine  
  26  3:14  Marine  
  28  3:29  Marine  
  28  3:31  Marine  
  28  3:32  Marine  
Show
View Real Time Build Order
Export as new Build Order

Fapper Terran - Winner!

Build Orders:  

Get SALT Encoding   

  12  0:00  SCV  
  13  0:12  SCV  
  14  0:23  Supply Depot  
  14  0:25  SCV  
  15  0:45  SCV  
  16  0:57  SCV  
  16  1:01  Barracks  
  17  1:04  Barracks  
  17  1:18  Barracks  
  17  1:26  Supply Depot  
  17  1:38  SCV  
  18  1:47  Marine  
  18  1:51  Marine  
  20  2:05  Marine x2  
  22  2:09  Marine  
  22  2:10  Refinery  
  23  2:23  Marine x2  
  23  2:26  Marine  
  25  2:41  Marine x2  
  27  2:44  Marine  
  28  2:57  Bunker  
  28  2:59  Marine x2  
  28  3:02  Marine  
  29  3:17  Marine x2  
  29  3:20  Marine  
  29  3:34  Marine x2  
Show
View Real Time Build Order
Export as new Build Order

Massa Terran 

Build Orders:  

Get SALT Encoding   

  12  0:11  SCV  
  13  0:17  Supply Depot  
  13  0:23  SCV  
  14  0:37  SCV  
  14  0:40  Barracks  
  15  0:49  SCV  
  16  0:58  Supply Depot  
  16  1:01  SCV  
  17  1:13  SCV  
  17  1:17  Refinery  
  18  1:35  Marine  
  19  1:51  Barracks  
  19  1:53  Marine  
  20  2:11  Marine  
  21  2:29  Marine  
  19  2:42  Marine  
  19  2:43  Barracks  
  19  2:53  Marine  
  19  2:55  Barracks  
  19  3:00  Barracks, Marine  
  20  3:18  Marine  
  20  3:27  SCV  
  20  3:33  Supply Depot  
  18  3:42  Supply Depot  
  18  3:45  SCV  
Show
View Real Time Build Order
Export as new Build Order

qqq Zerg 

Build Orders: Hatch First 

Get SALT Encoding   

  12  0:10  Drone x2  
  14  0:40  Hatchery  
  13  0:51  Spawning Pool  
  12  1:01  Overlord  
  12  1:03  Drone  
  13  1:07  Drone  
  13  1:09  Extractor  
  13  1:14  Drone  
  14  1:32  Drone  
  14  1:37  Drone  
  14  1:38  Queen  
  18  1:53  Queen  
  20  1:55  Drone  
  20  1:58  Drone  
  22  2:03  Drone  
  22  2:07  Drone  
  24  2:11  Drone  
  25  2:17  Zergling x2  
  25  2:19  Zergling x2  
  27  2:28  Metabolic Boost  
  27  2:34  Zergling x2  
  26  2:44  Zergling x2  
  26  2:48  Roach Warren  
  26  2:49  Zergling x6  
  28  2:58  Overlord  
  28  3:08  Overlord  
  22  3:20  Zergling x6  
  22  3:21  Zergling x4  
  22  3:24  Zergling x2  
  28  3:36  Zergling x2  
Tags
 
Add a new tag
Caveats
  • Supply blocks, unpowered buildings, or Contaminate may cause inaccurate times.
  • Supply counts are checked every 10 seconds.